 Dungeon Sprint DCSS version 0.29-a0-551-gffc1d7fb78 (webtiles) character file.

Game seed: 589385072191518800

1614 mhtbhm the Martial Artist (level 8, -4/48 HPs)
             Began as a Spriggan Transmuter on June 5, 2022.
             Was an Initiate of Gozag.
             Slain by a centaur warrior (9 damage)
             ... in the Dungeon (Sprint IX: "|||||||||||||||||||||||||||||").
             The game lasted 00:02:33 (783 turns).

mhtbhm the Martial Artist (Spriggan Transmuter)      Turns: 783, Time: 00:02:33

Health: -4/48      AC:  9    Str:  8    XL:     8   Next: 64%
Magic:  20/22      EV: 15    Int: 18    God:    Gozag
Gold:   360        SH:  0    Dex: 15    Spells: 16/26 levels left

rFire   x . .      SeeInvis +     - Unarmed
rCold   + + +      Faith    .   (shield currently unavailable)
rNeg    . . .      Spirit   .   (body armour currently unavailable)
rPois   +          Reflect  .   (helmet currently unavailable)
rElec   .          Harm     .   (cloak currently unavailable)
rCorr   .          Rampage  .   (gloves unavailable)
Will    +....      NoTele   +   (boots unavailable)
Stlth   +.........              (no amulet)
HPRegen 0.16/turn               k - +2 ring of protection
MPRegen 0.18/turn               l - +3 ring of intelligence

@: ice-form, wereblooded, gold aura, hasted, very quick
A: freezing attack, amphibious, boosted hp, large, no large weapons, unfitting
armour, see invisible, (speed 3)
a: End Transformation, Renounce Religion, Potion Petition, Call Merchant, Bribe
Branch


You were in the Dungeon.
You worshipped Gozag.
Gozag was aware of your devotion.
You were a creature of crystalline ice.
You visited 1 branch You collected 360 gold pieces.

Inventory:

Armour
 a - a +0 robe (melded)
Jewellery
 k - a +2 ring of protection (left front paw)
 l - a +3 ring of intelligence (right front paw)
Wands
 j - a wand of acid (8)
Scrolls
 h - 2 scrolls of blinking
 i - 2 scrolls of amnesia
Potions
 b - a potion of lignification
 c - 4 potions of curing
 f - 4 potions of magic
 g - a potion of invisibility


   Skills:
 + Level 3.2 Fighting
 + Level 10.8 Dodging
 + Level 11.5 Unarmed Combat
 + Level 9.9 Spellcasting
 + Level 9.4 Transmutations
 + Level 2.2 Ice Magic
 + Level 1.6 Evocations


You had 16 spell levels left.
You knew the following spells:

 Your Spells              Type           Power      Damage    Failure   Level
a - Beastly Appendage     Tmut           84%        N/A       1%          1
b - Wereblood             Tmut           42%        N/A       1%          2
c - Spider Form           Tmut/Pois      25%        N/A       3%          3
d - Ice Form              Ice/Tmut       29%        N/A       8%          4

Your spell library contained the following spells:

 Spells                   Type           Power      Damage    Failure   Level


Dungeon Overview and Level Annotations

Branches:
Dungeon (1/1)

Altars:
Cheibriados
Dithmenos
Elyvilon
Fedhas
Gozag
Hepliaklqana
Kikubaaqudgha
Makhleb
Nemelex Xobeh
Okawaru
Qazlal
Ru
Sif Muna
Trog
Uskayaw
Vehumet
Wu Jian
Xom
Yredelemnul
Zin
The Shining One
Beogh
Jiyva
Lugonu


Innate Abilities, Weirdness & Mutations

You are a creature of crystalline ice.
You have a powerful freezing melee attack.
You are amphibious.
Your maximum health is increased.
Your armour is entirely melded.
You are incapable of wielding weapons or throwing items.
You are very small and have problems with some larger weapons.
You are too small for most types of armour.
You have supernaturally acute eyesight. (SInv)
((You cover ground extremely quickly. (Speed+++)))


Message History

The basilisk is moderately wounded.
You punch the basilisk!
The basilisk seems to slow down.
You freeze the basilisk.
The basilisk is almost dead.
The basilisk misses you.
You pummel the basilisk!!
The basilisk seems to slow down.
You freeze the basilisk.
You feel a bit better.
You kill the basilisk!
Your Unarmed Combat skill increases to level 11!
You now have 360 gold pieces (gained 54).
You howl as the wereblood boils in your veins!
You howl as the wereblood boils in your veins!
You close the door, pushing everything out of the way.
You start resting.
You howl as the wereblood boils in your veins!
You are no longer corroded.
You start resting.
A cyclops opens the door.
There is an open door, spattered with blood here.
You pummel the cyclops!! You freeze the cyclops.
The cyclops is heavily wounded.
You howl as the wereblood boils in your veins!
You punch the cyclops! You freeze the cyclops!
The cyclops is almost dead.
The cyclops hits you!
* * * LOW HITPOINT WARNING * * *
You hit the cyclops but do no damage.
The cyclops is almost dead.
You pummel the cyclops!! You freeze the cyclops.
You feel a bit better.
You kill the cyclops!
The centaur warrior wields a +0 shortbow.
The centaur warrior shoots an arrow.
The arrow hits you!
* * * LOW HITPOINT WARNING * * *
Your Fighting skill increases to level 3!
Your Transmutations skill increases to level 9!
Your Ice Magic skill increases to level 2!
The centaur warrior unwields a +0 shortbow.
The centaur warrior hits you!
You die...
Your body crumbles into a pile of gold.

▓.▓
▓)▓
▓.▓
▓)▓
▓.▓
▓.▓
▓.▓
▓'▓
▓Y▓
▓c▓
▓.▓
▓.▓
$
▓.▓
$
▓'▓
$
▓_▓
$
▓_▓
$
▓_▓
$


You could see a centaur warrior.

Vanquished Creatures
  An ugly thing (D)
  A cyclops (D)
  2 wraiths (D)
  A basilisk (D)
  2 orc warriors (D)
  An ice beast (D)
  A howler monkey (D)
  2 hounds (D)
  An orc wizard (D)
  2 iguanas (D)
  A ball python (D)
  An endoplasm (D)
  A hobgoblin (D)
  A kobold (D)
  A rat (D)
19 creatures vanquished.

Notes
Turn   | Place    | Note
-------+----------+-------------------------------------------
     0 | D        | mhtbhm the Spriggan Transmuter began the quest for the Orb.
     0 | D        | Reached XP level 1. HP: 9/9 MP: 5/5
     7 | D        | Banished a spatial maelstrom
   121 | D        | Reached skill level 3 in Unarmed Combat
   140 | D        | Noticed a hound
   140 | D        | Noticed an ice beast
   140 | D        | Noticed an iguana
   140 | D        | Noticed a hound
   140 | D        | Noticed an iguana
   146 | D        | Killed a hound
   147 | D        | Reached skill level 4 in Unarmed Combat
   147 | D        | Reached XP level 2. HP: 14/14 MP: 5/8
   147 | D        | Reached XP level 3. HP: 17/17 MP: 5/9
   150 | D        | Killed an ice beast
   151 | D        | Reached skill level 1 in Fighting
   151 | D        | Reached skill level 5 in Dodging
   151 | D        | Reached skill level 6 in Unarmed Combat
   151 | D        | Reached skill level 5 in Spellcasting
   151 | D        | Reached skill level 5 in Transmutations
   151 | D        | Reached XP level 4. HP: 13/22 MP: 5/12
   153 | D        | Reached XP level 5. HP: 15/25 MP: 5/14
   340 | D        | Reached skill level 7 in Unarmed Combat
   348 | D        | Found a snail-covered altar of Cheibriados.
   348 | D        | Found a shadowy altar of Dithmenos.
   348 | D        | Found a white marble altar of Elyvilon.
   348 | D        | Found a blossoming altar of Fedhas.
   348 | D        | Found an opulent altar of Gozag.
   349 | D        | Found a hazy altar of Hepliaklqana.
   350 | D        | Found a viscous altar of Jiyva.
   351 | D        | Found an ancient bone altar of Kikubaaqudgha.
   352 | D        | Found a corrupted altar of Lugonu.
   353 | D        | Found a burning altar of Makhleb.
   354 | D        | Found a sparkling altar of Nemelex Xobeh.
   355 | D        | Found an iron altar of Okawaru.
   356 | D        | Became a worshipper of Gozag Ym Sagoz the Greedy
   357 | D        | Found a stormy altar of Qazlal.
   358 | D        | Found a sacrificial altar of Ru.
   359 | D        | Found a shimmering blue altar of Sif Muna.
   360 | D        | Found a bloodstained altar of Trog.
   361 | D        | Found a hide-covered altar of Uskayaw.
   362 | D        | Found a radiant altar of Vehumet.
   363 | D        | Found an ornate altar of the Wu Jian Council.
   364 | D        | Found a shimmering altar of Xom.
   365 | D        | Found a basalt altar of Yredelemnul.
   366 | D        | Found a glowing silver altar of Zin.
   367 | D        | Found a glowing golden altar of the Shining One.
   388 | D        | Learned a level 2 spell: Wereblood
   392 | D        | Learned a level 3 spell: Spider Form
   397 | D        | Learned a level 4 spell: Ice Form
   501 | D        | Noticed an orc warrior
   501 | D        | Noticed a wraith
   501 | D        | Noticed an orc warrior
   501 | D        | Noticed a wraith
   510 | D        | Killed an orc warrior
   511 | D        | Reached skill level 8 in Unarmed Combat
   511 | D        | Reached XP level 6. HP: 30/30 MP: 10/17
   533 | D        | Killed a wraith
   534 | D        | Reached skill level 9 in Unarmed Combat
   600 | D        | Killed an orc warrior
   601 | D        | Reached XP level 7. HP: 18/35 MP: 11/19
   602 | D        | Killed a wraith
   603 | D        | Reached skill level 10 in Unarmed Combat
   603 | D        | Reached skill level 1 in Evocations
   672 | D        | Noticed a brown ugly thing
   672 | D        | Noticed a basilisk
   672 | D        | Noticed a cyclops
   672 | D        | Noticed a centaur warrior
   672 | D        | Noticed a kobold demonologist
   755 | D        | Killed a brown ugly thing
   756 | D        | Reached skill level 10 in Dodging
   756 | D        | Reached skill level 1 in Ice Magic
   756 | D        | Reached XP level 8. HP: 19/39 MP: 17/22
   765 | D        | Reached skill level 11 in Unarmed Combat
   782 | D        | Killed a cyclops
   783 | D        | Slain by a centaur warrior

Illustrated notes

Levels and vault maps discovered:
D:        linesprint [early_d, line_temple, items_1, d_10, items_2, lair_1,
          lair_end, items_3, orc_1, orc_end, items_4, d_15, swamp_1, shoals_1,
          snake_1, spider_1, d_20, vaults_1, items_5, swamp_end, shoals_end,
          snake_end, spider_end, vaults_end, d_27, items_6, zot_1, zot_end,
          crypt_end, forest_end, elf_end, slime_end, tomb_end, abyss_end,
          pan_hell_end]

Skill      XL: |  1  2  3  4  5  6  7  8 |
---------------+-------------------------+-----
Dodging        | 4 5 7 8 10 | 10.8
Unarmed Combat | 4 6 8 9 10 11 | 11.5
Spellcasting   | 4 5 7 8 9 |  9.9
Transmutations | 4 5 6 7 8 9 |  9.4
Fighting       | 1 2 3 |  3.2
Evocations     | 1 |  1.6
Ice Magic      | 1 2 |  2.2

Action                   |  1- 3 |  4- 6 |  7- 9 || total
-------------------------+-------+-------+-------++-------
Melee: Unarmed           |    21 |    30 |    17 ||    68
       Headbutt          |     4 |     5 |       ||     9
       Kick              |     3 |     2 |       ||     5
       Punch             |     1 |       |       ||     1
 Cast: Beastly Appendage |     3 |     1 |       ||     4
       Ice Form          |       |     2 |     1 ||     3
       Wereblood         |       |     2 |     1 ||     3
Evoke: Wand              |       |     2 |       ||     2
  Use: Potion            |     1 |     3 |     2 ||     6
Armor: Robe              |     3 |     1 |       ||     4
       Skin              |       |     4 |     1 ||     5
Dodge: Dodged            |     7 |    41 |     7 ||    55

Table legend: (Time is in decaauts)
 A = Elapsed time spent in this place.
 B = Non-inter-level travel time spent in this place.
 C = Inter-level travel time spent in this place.
 D = Time resting spent in this place.
 E = Time spent auto-exploring this place.
 F = Levels seen in this place.
 G = Mean time per level.
                   A        B        C        D        E       F      G
               +--------+--------+--------+--------+--------+-----+--------+
         Total |    708 |    708 |      0 |    424 |      0 |   1 |  708.0 |
       Dungeon |    708 |    708 |      0 |    424 |      0 |   1 |  708.0 |
               +--------+--------+--------+--------+--------+-----+--------+

Top non-repeatable levels by time:
       D: 708 daAuts
